 Dungeon Crawl Stone Soup version 0.28-a0-750-g7c675f85b1 (webtiles) character file.

Game seed: 3025294685154714193

932 ytrimaz the Chopper (level 7, -3/54 HPs)
             Began as a Demonspawn Berserker on Oct 29, 2021.
             Was a Believer of Trog.
             Slain by an orc wizard (10 damage)
             ... on level 5 of the Dungeon.
             The game lasted 00:04:07 (5644 turns).

ytrimaz the Chopper (Demonspawn Berserker)          Turns: 5644, Time: 00:04:08

Health: -3/54      AC:  8    Str: 19    XL:     7   Next: 86%
Magic:  7/7        EV: 14    Int:  8    God:    Trog [**....]
Gold:   216        SH:  4    Dex: 13    Spells: 6/6 levels left

rFire   . . .      SeeInvis .   a - +0 hand axe
rCold   . . .      Faith    .   (no shield)
rNeg    . . .      Spirit   .   d - +1 scale mail
rPois   .          Reflect  .   (no helmet)
rElec   .          Harm     .   (no cloak)
rCorr   .          Rampage  .   (no gloves)
Will    .....                   (no boots)
Stlth   ..........              (no amulet)
HPRegen 0.18/turn               (no ring)
MPRegen 0.10/turn               (no ring)

@: on berserk cooldown, slowed, very slow
A: repulsion field 2, condensation shield
a: Renounce Religion, Berserk, Trog's Hand


You were on level 5 of the Dungeon.
You worshipped Trog.
Trog was pleased with you.
You visited 1 branch of the dungeon, and saw 5 of its levels.

You collected 216 gold pieces.

Inventory:

Hand Weapons
 a - a +0 hand axe (weapon)
Armour
 d - a +1 scale mail (worn)
 g - a +0 plate armour
Wands
 i - a wand of flame (19)
Scrolls
 b - 3 scrolls of teleportation
Potions
 c - a potion of mutation
 e - a potion of might {unknown}
 f - a potion of haste {unknown}


   Skills:
 + Level 4.0 Fighting
 + Level 5.5 Axes
 * Level 5.4 Armour
 * Level 3.7 Dodging


You had 6 spell levels left.
You didn't know any spells.
Your spell library was empty.

Dungeon Overview and Level Annotations

Branches:
Dungeon (5/15)
 Temple: D:4-7

Altars:
Gozag
Beogh

Shops:
D:2 *

Portals:
Abyss: D:3

Annotations:
D:3 2 transporters, 1 runed translucent door, Crazy Yiuf; McGhostyFace's ghost, weakling GnWz


Innate Abilities, Weirdness & Mutations

You are surrounded by a moderate repulsion field. (EV +3)
A meltable shield of frost defends you. (SH +4)


Message History

Trog accepts your kill.
You see here a +0 plate armour.
g - a +0 plate armour An orc comes into view.
It is wielding a +0 hand axe.
An orc is nearby!
An orc is nearby!
An orc is nearby!
An orc comes into view. It is wielding a +0 hand axe.
The orc shouts! x2; You hear a shout!
An orc wizard comes into view.
It is wielding a +1 dagger of distortion.
The orc wizard points at you and mumbles some strange words.
The magic dart hits you.
You see here a +0 leather armour.
You block the orc wizard's attack.
The orc suddenly shouts.
A red film seems to cover your vision as you go berserk!
You feel yourself moving faster!
You feel mighty! The orc misses you.
The orc wizard hits you but does no damage.
You blink.
You feel a strong urge to attack something.
You feel your anger nearly subside.
You are no longer berserk.
You are exhausted.
You feel yourself slow down.
You barely miss the orc wizard.
The orc wizard casts a spell.
The orc wizard flickers and vanishes!
Deactivating autopickup; reactivate with Ctrl-A.
Something hits you but does no damage. Space warps horribly around you!
You closely miss something. You hit the orc but do no damage.
Something hits you but does no damage. Space warps horribly around you!
* * * LOW HITPOINT WARNING * * *
You closely miss something. You barely miss the orc.
You hit the orc but do no damage. The orc closely misses you.
The orc hits you with a +0 hand axe.
* * * LOW HITPOINT WARNING * * *
Something hits you.
* * * LOW HITPOINT WARNING * * *
Space warps horribly around you!
You die...

#. ... ##.# ... ##
#...###.. .# ####...... #
# .. ##........## #.. #
##... #..........##....
#...##..##................
...##....##...............
....##.........{@..#......
.....##........oo..##.....
......#......#.##..# .....
.....###....[#.....## ....
..................... ...
...#.#............... .##
.....#.........##.....
...........###......
.........#...... .


You could see 2 orcs.

Vanquished Creatures
  A water moccasin (D:5)
  A sky beast (D:5)
  An ogre (D:4)
  A phantom (D:4)
  A scorpion (D:4)
  A water moccasin skeleton (D:4)
  A howler monkey (D:5)
  A bullfrog zombie (D:5)
  2 jellies
  An orc priest (D:4)
  2 hounds
  2 iguanas (D:4)
  A hound skeleton (D:4)
  3 gnolls (D:4)
  8 adders
  2 worms (D:2)
  2 dart slugs (D:1)
  9 orcs
  3 ball pythons
  4 bats
  4 endoplasms
  2 giant cockroaches
  2 hobgoblins
  6 jackals (D:4)
  4 kobolds
  3 quokkas
  3 frilled lizards
  2 goblins
  3 rats
76 creatures vanquished.

Notes
Turn   | Place    | Note
-------+----------+-------------------------------------------
     0 | D:1      | ytrimaz the Demonspawn Berserker began the quest for the
                  | Orb.
     0 | D:1      | Reached XP level 1. HP: 18/18 MP: 1/1
   606 | D:1      | Gained mutation: You are surrounded by a mild repulsion
                  | field. (EV +2) [demonic ancestry]
   606 | D:1      | Reached XP level 2. HP: 19/24 MP: 2/2
   700 | D:1      | Found a faded altar of an unknown god.
  1441 | D:2      | Gained mutation: A meltable shield of frost defends you.
                  | (SH +4) [demonic ancestry]
  1441 | D:2      | Reached XP level 3. HP: 28/29 MP: 3/3
  1529 | D:2      | Found Rymneyn's General Store.
  1746 | D:2      | Gained mutation: You are surrounded by a moderate repulsion
                  | field. (EV +3) [demonic ancestry]
  1746 | D:2      | Reached XP level 4. HP: 27/35 MP: 4/4
  2092 | D:3      | Noticed a small abomination
  2145 | D:3      | Found a transporter.
  2164 | D:3      | Found a transporter.
  2181 | D:3      | Noticed McGhostyFace's ghost (weakling GnWz)
  2189 | D:3      | Found a one-way gate to the infinite horrors of the Abyss.
  2280 | D:3      | Reached ** piety under Trog
  2803 | D:3      | Found a runed translucent door.
  2804 | D:3      | Noticed Crazy Yiuf
  3145 | D:4      | Noticed a scorpion
  3155 | D:4      | Killed a scorpion
  3156 | D:4      | Reached XP level 5. HP: 41/41 MP: 5/5
  3211 | D:4      | Noticed an ogre
  3218 | D:4      | Killed an ogre
  3275 | D:4      | Reached XP level 6. HP: 36/47 MP: 6/6
  3636 | D:4      | Found an opulent altar of Gozag.
  4178 | D:4      | Reached XP level 7. HP: 53/53 MP: 7/7
  4591 | D:5      | Entered Level 5 of the Dungeon
  4853 | D:5      | Reached skill level 5 in Axes
  5213 | D:5      | Reached skill level 5 in Armour
  5644 | D:5      | Slain by an orc wizard

Illustrated notes

Levels and vault maps discovered:
D:1:      heliophobic_arrival_glass_houses, layout_basic,
          dreamdust_ecumenical_altar_grove, chequers_serial_rivers_small_b,
          serial_park_tiny_2
D:2:      layout_basic, serial_shops, nicolae_lakefront_shop
D:3:      layout_basic, gammafunk_ghost_abyssal_escape, uniq_crazy_yiuf_cottage
D:4:      layout_basic, nicolae_gozag_seed_capital, minmay_strange_pillars,
          kennysheep_orc_chapel
D:5:      layout_cave_pools, minmay_temple_entry_glassed_door, uniq_duvessa

Skill      XL: |  1  2  3  4  5  6  7 |
---------------+----------------------+-----
Armour         | 2 3 4 5 |  5.4
Dodging        | 2 3 |  3.7
Axes           | 3 4 5 |  5.5
Fighting       | 4 |  4.0

Action                   |  1- 3 |  4- 6 |  7- 9 || total
-------------------------+-------+-------+-------++-------
Melee: Hand axe          |   104 |   175 |    82 ||   361
Invok: Berserk           |       |     5 |     3 ||     8
  Use: Scroll            |       |     2 |     2 ||     4
Armor: Scale mail        |    32 |    35 |    27 ||    94
Dodge: Dodged            |    60 |   119 |    45 ||   224
Block: Other             |     8 |    39 |    18 ||    65

Table legend: (Time is in decaauts)
 A = Elapsed time spent in this place.
 B = Non-inter-level travel time spent in this place.
 C = Inter-level travel time spent in this place.
 D = Time resting spent in this place.
 E = Time spent auto-exploring this place.
 F = Levels seen in this place.
 G = Mean time per level.
                   A        B        C        D        E       F      G
               +--------+--------+--------+--------+--------+-----+--------+
         Total |   5749 |   5640 |    109 |   1252 |   3542 |   5 | 1149.8 |
       Dungeon |   5749 |   5640 |    109 |   1252 |   3542 |   5 | 1149.8 |
               +--------+--------+--------+--------+--------+-----+--------+

Top non-repeatable levels by time:
     D:4: 2149 daAuts
     D:3: 1065 daAuts
     D:1: 1057 daAuts
     D:2: 1033 daAuts
     D:5: 442 daAuts
